 Dungeon Crawl Stone Soup version 0.19.4-10-g532645f (webtiles) character file.

1870 volk64 the Chopper (level 9, -2/75 HPs)
             Began as a Hill Orc Monk on Feb 24, 2017.
             Was a Believer of Beogh.
             Killed from afar by Psyche (4 damage)
             ... with a puff of frost
             ... on level 8 of the Dungeon.
             The game lasted 00:20:25 (6678 turns).

volk64 the Chopper (Hill Orc Monk)                  Turns: 6678, Time: 00:20:27

Health: -2/75      AC:  6    Str: 19    XL:     9   Next: 13%
Magic:  7/10       EV:  9    Int: 10    God:    Beogh [**....]
Gold:   430        SH:  5    Dex: 18    Spells: 1 memorised, 8 levels left

rFire  . . .     SeeInvis .     q - +9 short sword "Ylaisid" {pierce, rN+ MR++ Str+3 Dex+4}
rCold  + . .     Gourm    .     y - +0 chain mail
rNeg   + . .     Faith    .     l - +0 buckler
rPois  .         Spirit   .     o - +0 helmet
rElec  .         Reflect  .     (no cloak)
rCorr  .         Harm     .     (no gloves)
MR     ++...                    (no boots)
Stlth  +.........               (no amulet)
                                e - ring of protection from cold
                                d - ring of stealth

@: corroded, very slightly contaminated, drained, invisible
A: no striking features
a: Smiting, Renounce Religion


You were on level 8 of the Dungeon.
You worshipped Beogh.
Beogh was pleased with you.
You were not hungry.

You visited 1 branch of the dungeon, and saw 8 of its levels.

You collected 430 gold pieces.

Inventory:

Hand Weapons
 i - a +3 hand axe
 q - the +9 short sword "Ylaisid" (weapon) {pierce, rN+ MR++ Str+3 Dex+4}
   (You found it on level 4 of the Dungeon)

   It inflicts extra damage upon your enemies.
   It affects your strength (+3).
   It affects your dexterity (+4).
   It protects you from negative energy.
   It affects your resistance to hostile enchantments.
 C - a +0 flail of holy wrath
Armour
 b - a +0 robe
 k - a +0 leather armour
 l - a +0 buckler (worn)
 o - a +0 helmet (worn)
 y - a +0 chain mail (worn)
Jewellery
 d - a ring of stealth (left hand)
 e - a ring of protection from cold (right hand)
 t - an uncursed ring of wizardry {unknown}
 B - a +2 ring of intelligence {unknown}
 J - a +6 ring of intelligence {unknown}
Wands
 h - a wand of disintegration (15/24)
 x - a wand of digging (8/24)
 F - a wand of flame (14/48)
 L - a wand of random effects (24/48)
Scrolls
 a - 6 scrolls of remove curse
 g - 4 scrolls of identify
 m - 3 scrolls of amnesia {unknown}
 r - 2 scrolls of random uselessness {unknown}
 u - 4 scrolls of blinking {unknown}
 E - a scroll of teleportation {unknown}
 H - a scroll of noise {unknown}
Potions
 f - a potion of brilliance
 j - a potion of curing
 w - a potion of degeneration {unknown}
 D - 2 potions of resistance {unknown}
 I - a potion of mutation {unknown}
 K - a potion of cancellation {unknown}
Books
 s - a book of Maledictions

   Spells                             Type                      Level
   a - Corona                         Hexes                        1
   b - Ensorcelled Hibernation        Hexes/Ice                    2
   c - Confuse                        Hexes                        3
   d - Tukima's Dance                 Hexes                        3
   e - Dazzling Spray                 Conjuration/Hexes            3
 A - a book of Cantrips

   Spells                             Type                      Level
   a - Confusing Touch                Hexes                        1
   b - Animate Skeleton               Necromancy                   1
   c - Summon Small Mammal            Summoning                    1
   d - Apportation                    Translocation                1
Comestibles
 c - 10 bread rations
 n - 8 fruits
 p - 8 beef jerkies
 v - a royal jelly
 z - 2 meat rations
 G - 2 chunks of flesh


   Skills:
 + Level 6.0(5.8) Fighting
 + Level 5.4(5.2) Short Blades
 + Level 7.2(7.0) Axes
 + Level 4.6(4.4) Armour
 + Level 4.1(3.9) Dodging
 + Level 4.0(3.8) Stealth
 + Level 2.0(1.8) Shields
 + Level 0.8(0.6) Spellcasting
 + Level 1.1(0.9) Hexes
 + Level 1.1(1.0) Invocations


You had 8 spell levels left.
You knew the following spells:

 Your Spells              Type           Power        Failure   Level  Hunger
a - Corona                Hex            #......      100%        1    ##.....


Dungeon Overview and Level Annotations

Branches:
Dungeon (8/15)             Temple (0/1) D:4
   Lair: D:8-11

Altars:
Ashenzari
Dithmenos
Fedhas
Okawaru
Uskayaw
Yredelemnul
Zin

Shops:
D:4 [   D:8 }

Annotations:
D:8 Psyche


Message History

Psyche laughs secretively.
Psyche hits you with a dagger of chaos. The centaur hits you.
Psyche zaps a wand.
The bolt of acid hits you!
* * * LOW HITPOINT WARNING * * *
You are splashed with acid!
The acid burns!
* * * LOW HITPOINT WARNING * * *
Your shield and chain mail prevent you from hitting Psyche.
Psyche is almost dead.
Psyche gestures at you while chanting. The magic dart hits you!
* * * LOW HITPOINT WARNING * * *
The centaur barely misses you.
Okay, then.
You feel better. Psyche hits you with a dagger of chaos.
* * * LOW HITPOINT WARNING * * *
x2 The centaur hits you!
* * * LOW HITPOINT WARNING * * *
Psyche casts a spell at you. The puff of frost hits you! You resist.
You die...

############ #.#
#..........# #.##
#.(........# #...
+..........# #..#
#......@...#
##..######.....c@...#
.............((....+
#..# ######.###....#
##.(########.# #....#
....#......#.# #....#
###.#.####.#.########
....................
###.#.####.#+#######


You could see Psyche and a centaur.

Vanquished Creatures
  The ghost of derval the Charmwright, an amateur HESk (D:4)
  A phantom (D:4)
  3 ice beasts
  4 ogres
  A centaur (D:7)
  Blork the orc (D:4)
  A bullfrog (D:6)
  A scorpion (D:4)
  A wyvern skeleton (D:7)
  4 killer bees (D:7)
  3 wights (D:7)
  2 crimson imps
  A hound (D:6)
  A human zombie (D:5)
  2 orc priests (D:7)
  A bullfrog skeleton (D:4)
  2 iguanas
  A worker ant (D:5)
  A killer bee zombie (D:6)
  4 adders
  An adder zombie (D:6)
  An adder skeleton (D:8)
  3 leopard geckos
  7 orcs
  A ball python (D:1)
  4 giant cockroaches
  6 goblins
  10 hobgoblins
  8 jackals
  A quokka (D:2)
  7 bats
  6 frilled lizards
  A jackal skeleton (D:5)
  12 kobolds
  A quokka skeleton (D:4)
  11 rats
116 creatures vanquished.

Vanquished Creatures (others)
  A bullfrog skeleton (D:5)
  A worm (D:3)
  2 orcs (D:3)
4 creatures vanquished.

Grand Total: 120 creatures vanquished

Notes
Turn   | Place    | Note
-------+----------+-------------------------------------------
     0 | D:1      | volk64 the Hill Orc Monk began the quest for the Orb.
     0 | D:1      | Reached XP level 1. HP: 19/19 MP: 1/1
   116 | D:1      | Reached XP level 2. HP: 24/27 MP: 2/2
   585 | D:1      | Reached XP level 3. HP: 33/33 MP: 3/3
  1236 | D:2      | Reached XP level 4. HP: 39/40 MP: 4/4
  2059 | D:3      | Became a worshipper of Beogh the Brigand
  2059 | D:3      | Reached * piety under Beogh
  2059 | D:3      | Reached ** piety under Beogh
  2508 | D:4      | Noticed derval's ghost (amateur HESk)
  2778 | D:4      | Found Pois's Antique Armour Shoppe.
  2796 | D:4      | Noticed Blork the orc
  2804 | D:4      | Reached skill level 5 in Axes
  2921 | D:4      | Killed Blork the orc
  2921 | D:4      | Reached skill level 1 in Armour
  2921 | D:4      | Reached XP level 5. HP: 41/47 MP: 5/5
  3169 | D:4      | Noticed a phantom
  3242 | D:4      | Killed a phantom
  3242 | D:4      | Reached skill level 6 in Axes
  3242 | D:4      | Reached XP level 6. HP: 6/53 MP: 6/6
  3805 | D:4      | Found an iron altar of Okawaru.
  3856 | D:4      | Found a staircase to the Ecumenical Temple.
  3917 | D:4      | Got a slimy short sword
  3918 | D:4      | Identified the +9 short sword "Ylaisid" {pierce, rN+ MR++ Str+3 Dex+4} (You found it on level 4 of the Dungeon)
  4036 | D:4      | Found a blossoming altar of Fedhas.
  4036 | D:4      | Found a shattered altar of Ashenzari.
  4041 | D:4      | Found a hide-covered altar of Uskayaw.
  4043 | D:4      | Found a shadowy altar of Dithmenos.
  4044 | D:4      | Found a glowing silver altar of Zin.
  4202 | D:4      | Killed derval's ghost
  4202 | D:4      | Reached skill level 1 in Invocations
  4202 | D:4      | Reached XP level 7. HP: 59/60 MP: 7/7
  4366 | D:5      | Entered Level 5 of the Dungeon
  4371 | D:5      | Found a runed door.
  4371 | D:5      | Noticed a human
  4381 | D:5      | Found a basalt altar of Yredelemnul.
  4601 | D:5      | Learned a level 1 spell: Corona
  4828 | D:5      | Reached skill level 5 in Fighting
  4828 | D:5      | Reached skill level 1 in Short Blades
  4828 | D:5      | Reached skill level 7 in Axes
  5018 | D:5      | Reached skill level 1 in Shields
  5157 | D:6      | Reached XP level 8. HP: 60/68 MP: 8/8
  5365 | D:6      | Found a blossoming altar of Fedhas.
  5874 | D:7      | Reached skill level 1 in Hexes
  5877 | D:7      | Reached *** piety under Beogh
  6253 | D:7      | Reached XP level 9. HP: 67/75 MP: 10/10
  6347 | D:7      | Reached skill level 5 in Short Blades
  6653 | D:8      | Found Jodgho's Gadget Emporium.
  6666 | D:8      | Noticed Psyche
  6677 | D:8      | HP: 1/75 [Psyche/magic dart (6)]
  6678 | D:8      | Killed from afar by Psyche

Skill      XL: |  1  2  3  4  5  6  7  8  9 |
---------------+----------------------------+-----
Fighting       | 4 5 6 |  6.0
Stealth        | 2 3 4 |  4.0
Dodging        | 3 4 |  4.1
Axes           | 5 6 7 |  7.2
Armour         | 1 2 3 4 |  4.6
Invocations    | 1 |  1.1
Short Blades   | 2 4 5 |  5.4
Shields        | 1 2 |  2.0
Hexes          | 1 |  1.1
Spellcasting   | |  0.8

Action                   |  1- 3 |  4- 6 |  7- 9 || total
-------------------------+-------+-------+-------++-------
Melee: Hand axe          |    87 |   114 |       ||   201
       Short sword       |       |     6 |   136 ||   142
 Cast: Corona            |       |       |     1 ||     1
Invok: Convert to Beogh  |       |     1 |       ||     1
       Smiting           |       |     1 |     2 ||     3
  Use: Scroll            |     4 |     3 |       ||     7
       Potion            |       |     9 |     1 ||    10
 Stab: Sleeping          |     6 |     4 |     2 ||    12
       Distracted        |       |     1 |       ||     1
  Eat: Chunk             |     1 |     5 |     4 ||    10
       Bread ration      |       |     1 |     1 ||     2
Armor: Robe              |    10 |       |       ||    10
       Leather armour    |     2 |    22 |     8 ||    32
       Chain mail        |       |       |    26 ||    26
Dodge: Dodged            |    56 |    54 |    49 ||   159
Block: Buckler           |       |    18 |    23 ||    41
